 Dungeon Crawl Stone Soup version 0.26.0-5-gb5863c6483 (webtiles) character file.

Game seed: 10393208290589643852

137 Destapler the Sneak (level 5, -2/40 HPs)
             Began as a Naga Enchanter on Jan 11, 2021.
             Slain by a river rat (5 damage)
             ... on level 3 of the Dungeon.
             The game lasted 00:10:02 (3400 turns).

Destapler the Sneak (Naga Enchanter)                Turns: 3400, Time: 00:10:03

Health: -2/40      AC:  3    Str: 11    XL:     5   Next: 20%
Magic:  8/8        EV: 10    Int: 15    God:
Gold:   150        SH:  0    Dex: 12    Spells: 7/8 levels left

rFire    + . .     SeeInvis +   a - +1 dagger (freeze)
rCold    + + .     Faith    .   (no shield)
rNeg     . . .     Spirit   .   b - +0 robe
rPois    +         Reflect  .   (no helmet)
rElec    +         Harm     .   (no cloak)
rCorr    +         Rampage  .   i - +0 pair of gloves
Will     .....                  (no barding)
Stlth    +++.......             (no amulet)
HPRegen  0.13/turn              l - ring of protection from cold
MPRegen  0.11/turn              (no ring)

@: resistant, very slow
A: large, stinger 1, see invisible, deformed body, frail 1, mutation resistance
1, poison resistance, slowness 2, spit poison 1, AC +1
a: Spit Poison


You were on level 3 of the Dungeon.
You visited 1 branch of the dungeon, and saw 3 of its levels.

You collected 150 gold pieces.

Inventory:

Hand Weapons
 a - a +1 dagger of freezing (weapon)
Missiles
 h - 15 poisoned darts
Armour
 b - a +0 robe (worn)
 i - a +0 pair of gloves (worn)
Jewellery
 l - a ring of protection from cold (left hand)
Scrolls
 c - a scroll of identify
 e - 2 scrolls of teleportation
 g - a scroll of remove curse
Potions
 d - a potion of resistance
 f - a potion of brilliance {unknown}
 k - 3 potions of attraction {unknown}


   Skills:
 + Level 1.7 Fighting
 + Level 2.2 Short Blades
 - Level 2.0 Dodging
 * Level 6.2 Stealth
 - Level 2.0 Spellcasting
 + Level 3.6 Hexes


You had 7 spell levels left.
You knew the following spells:

 Your Spells              Type           Power        Failure   Level
a - Corona                Hex            13%          4%          1

Your spell library contained the following spells:

 Spells                   Type           Power        Failure   Level
 Ensorcelled Hibernation  Hex/Ice        12%          16%         2
 Confusing Touch          Hex            12%          16%         3
 Tukima's Dance           Hex            12%          16%         3
 Dazzling Flash           Conj/Hex       12%          32%         3


Dungeon Overview and Level Annotations

Branches:
Dungeon (3/15)

Altars:
Makhleb
Okawaru


Innate Abilities, Weirdness & Mutations

You cannot wear boots.
Your serpentine skin is tough. (AC +1)
You have supernaturally acute eyesight. (SInv)
Armour fits poorly on your strangely shaped body.
Your system is resistant to poisons. (rPois)
You cover ground very slowly.
You can spit poison.
Your tail ends in a poisonous barb.
You are frail. (-10% HP)
You are somewhat resistant to further mutation.


Message History

You barely miss the river rat. The river rat closely misses you.
You hit the river rat but do no damage. The river rat bites you!
You have got your breath back.
You see here a scroll of noise.
The river rat bites you! The river rat bites you.
You closely miss the river rat. You closely miss the river rat.
The river rat closely misses you.
You completely miss the river rat. The river rat bites you!
* * * LOW HITPOINT WARNING * * *
You closely miss the river rat. The river rat bites you.
* * * LOW HITPOINT WARNING * * *
It was a potion of resistance.
You feel protected. The river rat bites you!
* * * LOW HITPOINT WARNING * * *
The river rat barely misses you.
You closely miss the river rat. The river rat bites you.
You die...

#..............##............
#..............##.......#....
...............##.......#....
#..............##............
...............##............
..≈......?.....##............
≈≈≈≈≈.≈..###...##............
##≈#≈#≈≈## #rw..###..#.....##
≈≈≈≈≈≈# #@........))...##
###########.##.....)#.##.#
##...##...........###
#..####.....#...#....
#.##....###.##..#####
#.##.##.# #.#...#####
##.##.##.###..........
#.....................
#...##................


You could see a worm and a river rat.

Vanquished Creatures
  A hound (D:2)
  Terence (D:2)
  An adder (D:3)
  An ooze (D:1)
  An adder skeleton (D:3)
  3 worms
  A leopard gecko (D:2)
  An orc (D:3)
  2 ball pythons
  9 bats
  2 giant cockroaches
  5 goblins
  7 hobgoblins
  4 jackals (D:2)
  6 kobolds
  4 frilled lizards
  6 rats
55 creatures vanquished.

Notes
Turn   | Place    | Note
-------+----------+-------------------------------------------
     0 | D:1      | Destapler the Naga Enchanter began the quest for the Orb.
     0 | D:1      | Reached XP level 1. HP: 15/15 MP: 3/3
   385 | D:1      | Reached XP level 2. HP: 24/24 MP: 5/5
   989 | D:2      | Reached skill level 5 in Stealth
   991 | D:2      | Reached XP level 3. HP: 24/30 MP: 4/6
  1135 | D:2      | Noticed Terence
  1209 | D:2      | Found a burning altar of Makhleb.
  1214 | D:2      | Reached skill level 1 in Fighting
  1214 | D:2      | Reached XP level 4. HP: 38/38 MP: 7/7
  1590 | D:2      | Gained mutation: Your tail ends in a poisonous barb.
                  | [potion of mutation]
  1590 | D:2      | Gained mutation: You are frail. (-10% HP) [potion of
                  | mutation]
  1590 | D:2      | Gained mutation: You are somewhat resistant to further
                  | mutation. [potion of mutation]
  1599 | D:2      | Found an iron altar of Okawaru.
  2487 | D:2      | Killed Terence
  2488 | D:2      | Reached skill level 6 in Stealth
  2600 | D:3      | Reached XP level 5. HP: 39/39 MP: 8/8
  3397 | D:3      | HP: 2/40 [river rat (9)]
  3400 | D:3      | Slain by a river rat

Illustrated notes

Levels and vault maps discovered:
D:1:      saegor_arrival_simple_a, layout_loops_ring
D:2:      layout_loops_corners, makhleb_blood_cavern_becter,
          okawaru_metal_pillars_3, uniq_terence
D:3:      layout_rooms, lightli_sewer_entry_pipes

Skill      XL: |  1  2  3  4 |
---------------+-------------+-----
Stealth        | 5 6 |  6.2
Fighting       | 1 |  1.7
Dodging        | 2 |  2.0
Short Blades   | 2 |  2.2
Spellcasting   | |  2.0
Hexes          | |  3.6

Action                   |  1- 3 |  4- 6 || total
-------------------------+-------+-------++-------
Melee: Dagger            |    66 |   130 ||   196
       War axe           |       |     6 ||     6
       Tailslap          |       |     3 ||     3
 Cast: Corona            |     8 |     4 ||    12
 Abil: Spit Poison       |     1 |     3 ||     4
  Use: Scroll            |       |     7 ||     7
       Potion            |       |     2 ||     2
 Stab: Sleeping          |     8 |     7 ||    15
Armor: Robe              |    20 |    17 ||    37
Dodge: Dodged            |    37 |    65 ||   102
